[ AOE2 MATCH · #493666934 ]
UnrankedKhmer vs Malians
Player's team · LOSS
Rival team · WIN
[ REPLAY ANALYSIS · EXTRACTED FROM THE RECORDED GAME ]
Feudal
13:34
Castle
16:15
Imperial
—
| APM avg | 32.6 |
| APM peak | 78 |
| eAPM avg | 17.2 |
| Villagers / military | 78 / 41 |
Focus
⚔️ 34.8% · 🌾 65.2%
Knight ×19 · Ballista Elephant ×11 · Mangonel ×6 · Monk ×2 · Scout Cavalry ×2 · Scorpion ×1
Feudal
13:23
Castle
17:28
Imperial
36:21
| APM avg | 21.0 |
| APM peak | 42 |
| eAPM avg | 11.0 |
| Villagers / military | 42 / 38 |
Focus
⚔️ 26.0% · 🌾 74.0%
Gbeto ×35 · Fishing Ship ×10 · Monk ×2 · Trebuchet (Packed) ×1
Match map
Initial resources + every placement click. Lines = walls · curves = elevation contours. ◆ gold · ⬟ stone · ● berries · ✦ relic · ◌ wall gap
Your base· Open — unwalled flank
DolfCZ's base· Open — 9t gap
Smoothed initial terrain · ◌ = detected wall gap · hover for details
Inputs per minute
— SirYurek - - DolfCZ
Build order — SirYurek
First 150 of 179 actions detected
| 0:38 | Build | Town Center |
| 2:14 | Create | Villager (Male) |
| 2:14 | Create | Villager (Male) |
| 2:14 | Create | Villager (Male) |
| 2:18 | Create | Villager (Male) |
| 2:19 | Create | Villager (Male) |
| 2:19 | Create | Villager (Male) |
| 2:27 | Build | House |
| 3:41 | Create | Villager (Male) |
| 3:59 | Build | House |
| 4:17 | Create | Villager (Male) |
| 4:17 | Create | Villager (Male) |
| 5:04 | Create | Villager (Male) |
| 5:30 | Create | Villager (Male) |
| 5:30 | Create | Villager (Male) |
| 5:30 | Create | Villager (Male) |
| 5:56 | Create | Villager (Male) |
| 5:56 | Create | Villager (Male) |
| 6:02 | Build | House |
| 6:35 | Create | Villager (Male) |
| 6:36 | Create | Villager (Male) |
| 6:37 | Create | Villager (Male) |
| 6:59 | Build | House |
| 7:15 | Create | Villager (Male) |
| 7:23 | Build | House |
| 7:38 | Build | House |
| 8:03 | Create | Villager (Male) |
| 8:20 | Build | House |
| 8:35 | Create | Villager (Male) |
| 8:55 | Build | House |
| 9:04 | Create | Villager (Male) |
| 9:37 | Create | Villager (Male) |
| 10:01 | Create | Villager (Male) |
| 10:12 | Create | Villager (Male) |
| 10:18 | Research | Feudal Age |
| 10:38 | Research | Loom |
| 10:39 | Create | Villager (Male) |
| 10:49 | Build | Mining Camp |
| 10:55 | Research | Feudal Age |
| 11:29 | Create | Villager (Male) |
| 11:30 | Create | Villager (Male) |
| 13:26 | Build | Farm |
| 13:28 | Build | Farm |
| 13:34 | Age | Feudal Age |
| 13:35 | Research | Castle Age |
| 13:39 | Build | Stable |
| 13:59 | Build | House |
| 14:22 | Build | Mill |
| 14:37 | Build | Farm |
| 14:46 | Create | Villager (Male) |
| 14:47 | Create | Scout Cavalry |
| 15:05 | Build | Farm |
| 15:12 | Build | House |
| 15:18 | Build | Farm |
| 16:14 | Build | Blacksmith |
| 16:15 | Age | Castle Age |
| 16:18 | Create | Knight |
| 16:19 | Create | Knight |
| 16:36 | Create | Villager (Male) |
| 16:36 | Create | Villager (Male) |
| 16:57 | Create | Knight |
| 17:07 | Research | Scale Barding Armor |
| 17:14 | Create | Villager (Male) |
| 17:22 | Create | Knight |
| 17:28 | Create | Villager (Male) |
| 17:57 | Create | Villager (Male) |
| 18:10 | Create | Knight |
| 18:22 | Create | Villager (Male) |
| 18:48 | Build | Siege Workshop |
| 19:08 | Research | Chain Barding Armor |
| 19:15 | Create | Villager (Male) |
| 19:15 | Create | Villager (Male) |
| 19:26 | Create | Mangonel |
| 19:27 | Build | House |
| 19:47 | Create | Villager (Male) |
| 19:52 | Create | Villager (Male) |
| 20:05 | Create | Villager (Male) |
| 20:13 | Create | Knight |
| 20:14 | Create | Knight |
| 20:39 | Build | Monastery |
| 20:42 | Create | Villager (Male) |
| 20:48 | Create | Villager (Male) |
| 20:51 | Create | Knight |
| 21:05 | Create | Villager (Male) |
| 21:17 | Create | Monk |
| 21:23 | Build | House |
| 22:11 | Research | Husbandry |
| 22:15 | Create | Knight |
| 22:16 | Create | Villager (Male) |
| 22:18 | Build | Mining Camp |
| 22:24 | Build | House |
| 22:35 | Research | Forging |
| 23:01 | Create | Knight |
| 23:07 | Build | House |
| 23:12 | Build | Farm |
| 23:13 | Build | Farm |
| 23:17 | Build | Farm |
| 23:20 | Create | Villager (Male) |
| 23:54 | Create | Scout Cavalry |
| 23:56 | Create | Knight |
| 24:36 | Create | Villager (Male) |
| 24:37 | Create | Knight |
| 24:43 | Build | House |
| 24:47 | Create | Villager (Male) |
| 24:53 | Build | Farm |
| 25:04 | Create | Knight |
| 25:23 | Create | Mangonel |
| 25:26 | Create | Knight |
| 25:56 | Create | Knight |
| 26:25 | Create | Scorpion |
| 26:27 | Create | Villager (Male) |
| 26:27 | Create | Villager (Male) |
| 26:27 | Create | Villager (Male) |
| 26:32 | Build | Castle |
| 26:51 | Build | Castle |
| 27:01 | Create | Villager (Male) |
| 27:03 | Create | Knight |
| 27:04 | Create | Knight |
| 27:23 | Create | Villager (Male) |
| 27:24 | Create | Villager (Male) |
| 28:12 | Create | Villager (Male) |
| 28:12 | Create | Villager (Male) |
| 28:12 | Create | Villager (Male) |
| 28:12 | Create | Villager (Male) |
| 28:28 | Create | Knight |
| 28:29 | Create | Knight |
| 28:31 | Create | Mangonel |
| 28:31 | Create | Mangonel |
| 28:31 | Create | Mangonel |
| 28:40 | Build | Mining Camp |
| 28:42 | Create | Villager (Male) |
| 28:42 | Create | Villager (Male) |
| 28:43 | Create | Villager (Male) |
| 28:52 | Build | Lumber Camp |
| 29:15 | Create | Monk |
| 29:16 | Create | Villager (Male) |
| 29:16 | Create | Villager (Male) |
| 29:46 | Research | Wheelbarrow |
| 29:56 | Create | Mangonel |
| 30:44 | Build | Mining Camp |
| 30:49 | Create | Villager (Male) |
| 30:49 | Create | Villager (Male) |
| 30:49 | Create | Villager (Male) |
| 31:16 | Create | Villager (Male) |
| 31:16 | Create | Villager (Male) |
| 31:51 | Create | Ballista Elephant |
| 31:51 | Create | Ballista Elephant |
| 31:52 | Create | Villager (Male) |
| 31:52 | Create | Villager (Male) |
| 32:08 | Build | Castle |
Build order — DolfCZ
First 150 of 165 actions detected
| 0:07 | Build | House |
| 0:14 | Build | Town Center |
| 1:27 | Build | Dock |
| 2:16 | Create | Villager (Male) |
| 2:16 | Create | Villager (Male) |
| 2:51 | Create | Villager (Male) |
| 2:57 | Create | Fishing Ship |
| 3:22 | Create | Villager (Male) |
| 3:54 | Create | Fishing Ship |
| 4:10 | Create | Villager (Male) |
| 4:17 | Build | House |
| 4:30 | Research | Loom |
| 4:51 | Create | Fishing Ship |
| 4:55 | Create | Villager (Male) |
| 5:33 | Create | Villager (Male) |
| 5:44 | Build | House |
| 5:52 | Create | Villager (Male) |
| 6:11 | Create | Villager (Male) |
| 6:23 | Create | Fishing Ship |
| 6:38 | Create | Villager (Male) |
| 6:57 | Create | Fishing Ship |
| 7:05 | Create | Villager (Male) |
| 7:28 | Build | House |
| 7:34 | Create | Villager (Male) |
| 7:56 | Create | Villager (Male) |
| 7:59 | Build | House |
| 8:09 | Create | Fishing Ship |
| 8:18 | Create | Villager (Male) |
| 8:43 | Create | Fishing Ship |
| 8:59 | Create | Villager (Male) |
| 9:20 | Create | Villager (Male) |
| 9:32 | Create | Villager (Male) |
| 9:34 | Create | Fishing Ship |
| 9:45 | Build | Palisade Wall |
| 9:56 | Build | Mill |
| 10:03 | Create | Villager (Male) |
| 10:21 | Build | Palisade Wall |
| 10:32 | Create | Villager (Male) |
| 10:48 | Create | Fishing Ship |
| 10:52 | Build | House |
| 11:13 | Research | Feudal Age |
| 11:33 | Build | Lumber Camp |
| 12:08 | Build | House |
| 12:15 | Build | House |
| 12:22 | Create | Fishing Ship |
| 12:36 | Build | Mining Camp |
| 12:54 | Create | Villager (Male) |
| 13:23 | Age | Feudal Age |
| 13:29 | Build | Blacksmith |
| 13:33 | Research | Double-Bit Axe |
| 13:42 | Create | Villager (Male) |
| 13:57 | Build | Market |
| 14:12 | Create | Villager (Male) |
| 14:42 | Create | Villager (Male) |
| 14:48 | Research | Castle Age |
| 14:54 | Research | Stone Mining |
| 15:04 | Build | Mill |
| 15:48 | Build | House |
| 16:02 | Build | Barracks |
| 16:10 | Research | Gold Mining |
| 16:54 | Build | Palisade Wall |
| 17:01 | Build | Palisade Wall |
| 17:05 | Build | Palisade Wall |
| 17:06 | Build | Palisade Wall |
| 17:15 | Create | Villager (Male) |
| 17:28 | Age | Castle Age |
| 17:36 | Create | Villager (Male) |
| 18:11 | Build | Palisade Wall |
| 18:16 | Create | Villager (Male) |
| 18:27 | Build | Castle |
| 18:30 | Create | Villager (Male) |
| 18:53 | Research | Squires |
| 18:54 | Research | Arson |
| 18:59 | Research | Scale Mail Armor |
| 19:18 | Create | Villager (Male) |
| 19:22 | Create | Villager (Male) |
| 19:27 | Build | Mining Camp |
| 19:53 | Create | Gbeto |
| 19:53 | Create | Gbeto |
| 19:53 | Create | Gbeto |
| 20:02 | Build | House |
| 20:06 | Create | Villager (Male) |
| 20:14 | Create | Gbeto |
| 20:22 | Research | Bow Saw |
| 20:35 | Create | Villager (Male) |
| 20:35 | Create | Gbeto |
| 20:49 | Build | House |
| 20:50 | Build | House |
| 20:59 | Build | Monastery |
| 21:08 | Build | Town Center |
| 21:15 | Create | Gbeto |
| 21:15 | Create | Gbeto |
| 21:20 | Research | Chain Mail Armor |
| 21:30 | Build | House |
| 21:42 | Create | Gbeto |
| 22:09 | Create | Monk |
| 22:10 | Create | Gbeto |
| 22:14 | Create | Villager (Male) |
| 22:31 | Create | Gbeto |
| 22:48 | Create | Villager (Male) |
| 22:56 | Create | Villager (Male) |
| 22:57 | Create | Gbeto |
| 23:09 | Build | Mill |
| 23:16 | Create | Gbeto |
| 23:28 | Create | Villager (Male) |
| 23:31 | Build | Farm |
| 23:34 | Build | Farm |
| 23:40 | Create | Gbeto |
| 23:56 | Build | House |
| 24:23 | Research | Forging |
| 24:34 | Create | Gbeto |
| 24:39 | Create | Villager (Male) |
| 24:50 | Build | Farm |
| 24:51 | Build | Farm |
| 24:53 | Build | Farm |
| 25:07 | Create | Gbeto |
| 25:22 | Build | Lumber Camp |
| 25:29 | Create | Gbeto |
| 25:29 | Create | Gbeto |
| 25:30 | Create | Gbeto |
| 25:30 | Create | Gbeto |
| 26:22 | Create | Gbeto |
| 26:27 | Build | Mill |
| 26:28 | Build | Farm |
| 26:28 | Build | Farm |
| 26:28 | Build | Farm |
| 26:29 | Build | Farm |
| 26:39 | Build | Castle |
| 26:43 | Build | Mill |
| 26:47 | Create | Gbeto |
| 26:52 | Research | Iron Casting |
| 28:45 | Create | Villager (Male) |
| 28:46 | Create | Villager (Male) |
| 28:49 | Create | Gbeto |
| 28:49 | Create | Gbeto |
| 28:51 | Create | Gbeto |
| 28:51 | Create | Gbeto |
| 29:01 | Build | Siege Workshop |
| 29:09 | Build | House |
| 29:11 | Build | Palisade Wall |
| 29:51 | Build | Farm |
| 29:52 | Build | Farm |
| 30:20 | Create | Gbeto |
| 30:20 | Create | Gbeto |
| 30:20 | Create | Gbeto |
| 30:21 | Create | Gbeto |
| 30:21 | Create | Gbeto |
| 30:22 | Create | Gbeto |
| 30:26 | Create | Villager (Male) |
| 30:26 | Create | Villager (Male) |
Match timeline
| 1:27 | DolfCZ · first_building Dock |
| 9:45 | DolfCZ · wall_segment Palisade Wall x7 |
| 10:21 | DolfCZ · wall_segment Palisade Wall x1 |
| 13:23 | DolfCZ · age_up feudal |
| 13:34 | SirYurek · age_up feudal |
| 13:39 | SirYurek · first_building Stable |
| 16:02 | DolfCZ · first_building Barracks |
| 16:15 | SirYurek · age_up castle |
| 16:54 | DolfCZ · wall_segment Palisade Wall x1 |
| 17:01 | DolfCZ · wall_segment Palisade Wall x1 |
| 17:05 | DolfCZ · wall_segment Palisade Wall x1 |
| 17:06 | DolfCZ · wall_segment Palisade Wall x1 |
| 17:28 | DolfCZ · age_up castle |
| 18:11 | DolfCZ · wall_segment Palisade Wall x5 |
| 18:27 | DolfCZ · first_building Castle |
| 18:48 | SirYurek · first_building Siege Workshop |
| 20:39 | SirYurek · first_building Monastery |
| 20:59 | DolfCZ · first_building Monastery |
| 26:32 | SirYurek · first_building Castle |
| 29:01 | DolfCZ · first_building Siege Workshop |
| 29:11 | DolfCZ · wall_segment Palisade Wall x1 |
| 36:21 | DolfCZ · age_up imperial |
| 36:35 | SirYurek · resign |
[ AI ANALYSIS · 1 CREDIT ]
What really happened in this match?
Wolo.gg analyzes every decision: build order, eco, micro, common mistakes by bracket. Personalized analysis on WhatsApp or Discord in 30 seconds.
Civ guide
Khmer
Perfil
Jugador #225654